 Dungeon Crawl Stone Soup version 0.21.1-1-g345015fe64 (webtiles) character file.

5277 Gargoyl the Covered (level 10, 0/83 HPs)
             Began as a Centaur Abyssal Knight on May 21, 2018.
             Was an Elder of Lugonu.
             Slain by Grum
             ... wielding a +0 halberd
              (1 damage)
             ... on level 8 of the Dungeon on May 22, 2018.
             The game lasted 00:16:50 (10636 turns).

Gargoyl the Covered (Centaur Abyssal Knight)       Turns: 10636, Time: 00:16:51

Health: 0/83       AC: 13    Str: 19      XL:     10   Next: 36%
Magic:  15/15      EV:  6    Int:  9 (11) God:    Lugonu [****..]
Gold:   645        SH:  0    Dex: 11 (12) Spells: 9/9 levels left

rFire    . . .     SeeInvis +   a - +2 hand axe
rCold    . . .     Gourm    .   (no shield)
rNeg     . . .     Faith    .   k - +1 chain mail
rPois    .         Spirit   .   f - +0 helmet
rElec    .         Reflect  .   d - scarf {cloud immunity}
rCorr    .         Harm     .   o - +0 pair of gloves
MR       +....                  (no barding)
Stlth    ..........             (no amulet)
HPRegen  0.23/turn              n - ring of see invisible
MPRegen  0.14/turn              A - ring of protection from magic

@: about to teleport, very quick
A: large, hooves 3, agile 1, deformed body, speed 2, strong 1, tough skin 3,
subdued magic 1
a: Depart the Abyss, Bend Space, Banish, Corrupt, Renounce Religion


You were on level 8 of the Dungeon.
You worshipped Lugonu.
Lugonu was greatly pleased with you.
You were not hungry.

You visited 1 branch of the dungeon, and saw 9 of its levels.
You visited the Abyss 1 time.

You collected 645 gold pieces.

Inventory:

Hand Weapons
 a - a +2 hand axe (weapon)
 t - a +0 war axe
Armour
 d - a scarf of cloud immunity (worn)
 f - a +0 helmet (worn)
 k - a +1 chain mail (worn)
 o - a +0 pair of gloves (worn)
Jewellery
 n - a ring of see invisible (left hand)
 A - a ring of protection from magic (right hand)
Wands
 m - a wand of acid (8)
 w - a wand of clouds (5)
 y - a wand of disintegration (11)
Scrolls
 b - 6 scrolls of remove curse
 g - 9 scrolls of teleportation
 q - a scroll of identify
Potions
 e - 3 potions of flight
 i - a potion of lignification
 j - a potion of haste
 l - a potion of magic
 p - a potion of cancellation
 r - 2 potions of heal wounds
 s - a potion of might {unknown}
 u - a potion of curing
 v - a potion of ambrosia {unknown}
 x - a potion of brilliance {unknown}
 z - a potion of degeneration
Books
 B - a book of Minor Magic

   Spells                             Type                      Level
   a - Magic Dart                     Conjuration                  1
   b - Blink                          Translocation                2
   c - Call Imp                       Summoning                    2
   d - Slow                           Hexes                        2
   e - Conjure Flame                  Conjuration/Fire             3
   f - Mephitic Cloud                 Conjuration/Poison/Air       3
Comestibles
 c - 10 rations


   Skills:
 + Level 5.7 Fighting
 + Level 7.5 Axes
 * Level 7.9 Armour
 + Level 2.1 Dodging
 * Level 7.3 Invocations
 + Level 0.2 Evocations


You had 9 spell levels left.
You didn't know any spells.

Dungeon Overview and Level Annotations

Branches:
Dungeon (9/15)             Temple (0/1) D:7
   Lair: D:8-11         Orc: D:9-12

Altars:
Gozag
Hepliaklqana
Kikubaaqudgha
Nemelex Xobeh
Qazlal
Sif Muna
Trog
Uskayaw
Wu Jian
Xom
The Shining One

Shops:
D:8 %

Annotations:
D:8 Grum, Psyche


Innate Abilities, Weirdness & Mutations

You have hooves in place of feet.
Armour fits poorly on your strangely shaped body.
You cover ground very quickly.
You have extremely tough skin. (AC +3)
You are agile. (Dex +2)
Your muscles are strong. (Str +2)
Your spells are a little easier to cast, but a little less powerful.


Message History

Space warps horribly around you!
You slash Psyche!
Psyche is heavily wounded.
Psyche drinks a potion.
Psyche is healed!
Grum hits you from afar with a halberd! Psyche hits you but does no damage.
You feel strangely unstable.
Unknown command.
You hit Psyche. Your kick misses Psyche.
Psyche is heavily wounded.
Psyche closely misses you. Grum hits you from afar with a halberd!
* * * LOW HITPOINT WARNING * * *
Psyche hits you but does no damage. Space warps horribly around you!
* * * LOW HITPOINT WARNING * * *
Unknown command.
You barely miss Psyche. Your kick misses Psyche.
Psyche is heavily wounded.
Psyche hits you but does no damage. Space bends around you.
* * * LOW HITPOINT WARNING * * *
Psyche hits you but does no damage. Grum hits you from afar with a halberd.
You die...

..#######......# ..#.# #.#
### #......#######.#.#
#.#######......#.........#
#..............#.........#
#####......#.###......รท.>#
########.# #......g#h# #.#
#g........# #.###@#########
####.#..@# #....#.###
#.####.########## #.#
#..........#
#.#############.#
#...............#
#################


You could see Psyche and Grum.

Vanquished Creatures
  Pikel (D:4)
  Prince Ribbit (D:6)
  2 hippogriffs
  A hungry ghost (D:7)
  Edmund (D:6)
  An orc warrior (D:8)
  2 ice beasts
  A sky beast (D:7)
  A black bear (D:7)
  The ghost of Freyura the Skirmisher, an amateur HOAK of Lugonu (D:3)
  2 ogres (D:9)
  3 phantoms
  2 centaurs
  3 wolves
  A big kobold (D:9)
  7 bullfrogs
  A water moccasin zombie (D:6)
  3 scorpions
  4 killer bees (D:9)
  4 wights
  4 howler monkeys
  2 crimson imps
  3 bullfrog zombies
  6 hounds
  2 bullfrog skeletons
  A centaur zombie (D:5)
  A centaur skeleton (D:4)
  An orc priest (D:7)
  2 jellies (D:8)
  An orc wizard (D:8)
  An iguana (D:5)
  Natasha (thrice) (D:2)
  2 worker ants (D:6)
  2 hound skeletons
  Robin (D:2)
  A howler monkey skeleton (D:5)
  7 gnolls
  7 adders
  A shadow imp (D:5)
  An ooze (D:1)
  3 worms
  7 leopard geckos
  10 orcs
  A ball python (D:7)
  6 bats
  4 giant cockroaches
  19 goblins
  10 hobgoblins
  13 jackals
  2 quokkas
  4 frilled lizards
  A jackal skeleton (D:7)
  15 kobolds
  8 rats
194 creatures vanquished.

Vanquished Creatures (others)
  A two-headed ogre (D:9)
  A wolf (D:9)
  2 killer bees (D:9)
  A hound (D:4)
  A quokka (D:4)
6 creatures vanquished.

Grand Total: 200 creatures vanquished

Notes
Turn   | Place    | Note
-------+----------+-------------------------------------------
     0 | Abyss:1  | Gargoyl the Centaur Abyssal Knight began the quest for the Orb.
     0 | Abyss:1  | Reached XP level 1. HP: 19/19 MP: 2/2
    54 | Abyss:2  | Noticed an iron imp
    71 | Abyss:2  | Noticed a blizzard demon
   160 | Abyss:2  | Noticed a small abomination
   160 | Abyss:2  | Noticed a small abomination
   163 | Abyss:2  | Noticed a tentacled starspawn
   172 | Abyss:2  | Noticed a shadow dragon zombie
   173 | Abyss:2  | Noticed a freezing wraith
   184 | Abyss:2  | Noticed a small abomination
   204 | Abyss:2  | Noticed a thrashing horror
   205 | Abyss:2  | Noticed a tentacled starspawn
   208 | D:1      | Escaped the Abyss
   420 | D:1      | Reached XP level 2. HP: 25/26 MP: 3/3
   727 | D:1      | Reached * piety under Lugonu
   835 | D:1      | Reached XP level 3. HP: 30/31 MP: 4/4
  1415 | D:2      | Noticed Natasha
  1423 | D:2      | Killed Natasha
  1423 | D:2      | Reached skill level 1 in Dodging
  1423 | D:2      | Reached XP level 4. HP: 39/39 MP: 4/6
  1434 | D:2      | Gained mutation: You are agile. (Dex +2) [potion of mutation]
  1434 | D:2      | Gained mutation: Your spells are a little easier to cast, but a little less powerful. [potion of mutation]
  1434 | D:2      | Gained mutation: Your muscles are strong. (Str +2) [potion of mutation]
  1501 | D:2      | Noticed Robin
  1511 | D:2      | Killed Robin
  1514 | D:2      | Reached ** piety under Lugonu
  1793 | D:2      | Noticed Natasha
  1800 | D:2      | Killed Natasha
  1800 | D:2      | Reached XP level 5. HP: 34/46 MP: 7/7
  1900 | D:2      | Found an ornate altar of the Wu Jian Council.
  1958 | D:2      | Noticed Natasha
  1967 | D:2      | Killed Natasha
  2215 | D:3      | Noticed Freyura's ghost (amateur HOAK)
  2227 | D:3      | Killed Freyura's ghost
  2476 | D:3      | Reached XP level 6. HP: 51/52 MP: 8/8
  2890 | D:3      | Found a shimmering altar of Xom.
  2891 | D:3      | Found a hazy altar of Hepliaklqana.
  2892 | D:3      | Noticed a spectral ugly thing
  3713 | D:4      | Noticed a slave
  3713 | D:4      | Noticed a slave
  3719 | D:4      | Noticed Pikel
  3723 | D:4      | Noticed a slave
  3725 | D:4      | Noticed a slave
  3740 | D:4      | Killed Pikel
  3740 | D:4      | Reached XP level 7. HP: 38/59 MP: 8/10
  4035 | D:4      | Reached skill level 5 in Axes
  4035 | D:4      | Reached XP level 8. HP: 53/66 MP: 11/11
  4199 | D:4      | Reached *** piety under Lugonu
  4699 | D:5      | Entered Level 5 of the Dungeon
  5060 | D:5      | Reached skill level 5 in Invocations
  5131 | D:5      | Found an opulent altar of Gozag.
  5132 | D:5      | Found a hide-covered altar of Uskayaw.
  5133 | D:5      | Found a deep blue altar of Sif Muna.
  5251 | D:5      | Found a stormy altar of Qazlal.
  5693 | D:6      | Noticed Edmund
  5709 | D:6      | Killed Edmund
  5709 | D:6      | Reached skill level 5 in Armour
  6066 | D:6      | Found a bloodstained altar of Trog.
  6400 | D:6      | Reached XP level 9. HP: 65/73 MP: 13/13
  6530 | D:7      | Noticed Prince Ribbit
  6535 | D:7      | Reached skill level 5 in Fighting
  6720 | D:6      | Killed Prince Ribbit
  7477 | D:7      | Found a staircase to the Ecumenical Temple.
  7661 | D:7      | Found a glowing golden altar of the Shining One.
  7885 | D:7      | Found an ancient bone altar of Kikubaaqudgha.
  8245 | D:8      | Reached **** piety under Lugonu
  9126 | D:8      | Reached XP level 10. HP: 61/81 MP: 15/15
  9280 | D:8      | Found a sparkling altar of Nemelex Xobeh.
  9282 | D:8      | Found Zaza's Food Emporium.
  9438 | D:8      | You fall through a shaft!
  9438 | D:9      | Noticed a two-headed ogre
  9440 | D:9      | Banished a two-headed ogre
  9843 | D:8      | Noticed Psyche
  9843 | D:8      | Noticed Grum
 10636 | D:8      | HP: 1/83 [Psyche/dagger of distortion (7)]
 10636 | D:8      | Slain by Grum

Skill      XL: |  1  2  3  4  5  6  7  8  9 |
---------------+----------------------------+-----
Axes           | 2 3 4 5 6 7 |  7.5
Armour         | 2 4 5 7 |  7.9
Dodging        | 1 2 |  2.1
Invocations    | 3 4 5 7 |  7.3
Fighting       | 4 5 |  5.7
Evocations     | |  0.2

Action                   |  1- 3 |  4- 6 |  7- 9 | 10-12 || total
-------------------------+-------+-------+-------+-------++-------
Melee: Hand axe          |    91 |   146 |   446 |   107 ||   790
       Kick              |     9 |    28 |   140 |    26 ||   203
Invok: Depart the Abyss  |     1 |       |       |       ||     1
       Banish            |       |       |       |     4 ||     4
Evoke: Wand              |       |       |     4 |     1 ||     5
  Use: Scroll            |     3 |     5 |     6 |     1 ||    15
       Potion            |     1 |     1 |     5 |     2 ||     9
 Stab: Confused          |       |       |       |     1 ||     1
  Eat: Chunk             |     1 |     3 |     2 |     1 ||     7
       Ration            |       |     1 |     8 |     1 ||    10
Armor: Leather armour    |    11 |       |       |       ||    11
       Ring mail         |    29 |       |       |       ||    29
       Chain mail        |    28 |    92 |   312 |   133 ||   565
Dodge: Dodged            |    54 |    44 |   173 |    59 ||   330
